 Dungeon Crawl Stone Soup version 0.28-a0-883-gc8d7bad45d (webtiles) character file.

Game seed: 17448877192373513972

23310 Anon1729 the Frost Mage (level 12, -15/100 HPs)
             Began as a White Draconian Transmuter on Nov 21, 2021.
             Was a Follower of Uskayaw.
             Demolished by a two-headed ogre (28 damage)
             ... in a volcano.
             The game lasted 00:36:28 (12141 turns).

Anon1729 the Frost Mage (DrTm)                     Turns: 12141, Time: 00:36:29

Health: -15/100    AC: 10    Str: 12    XL:     12   Next: 70%
Magic:  21/21      EV: 14    Int: 18    God:    Uskayaw [*.....]
Gold:   966        SH:  0    Dex: 13    Spells: 14/24 levels left

rFire   + . .      SeeInvis +     - Unarmed
rCold   . . .      Faith    .   (no shield)
rNeg    + . .      Spirit   .   (armour unavailable)
rPois   .          Reflect  .   (helmet restricted)
rElec   .          Harm     .   s - scarf {repulsion}
rCorr   .          Rampage  .   F - +0 pair of gloves
Will    .....                   Q - +0 pair of boots "Ymper" {SInv}
Stlth   +.........              e - amulet of regeneration
HPRegen 1.26/turn               I - ring of positive energy
MPRegen 0.17/turn               b - ring of fire

@: about to teleport, short of breath, repel missiles
A: breathe frost, AC +8, unfitting armour, cold resistance 1, cold-blooded
a: Breathe Frost, Renounce Religion, Stomp


You were in a volcano.
You worshipped Uskayaw.
Uskayaw was aware of your devotion.
You visited 3 branches of the dungeon, and saw 15 of its levels.
You also visited: Gauntlet, Ice Cave and Volcano.

You collected 966 gold pieces.

Inventory:

Hand Weapons
 z - the +3 hunting sling of Ejelaunn {vorpal, rElec}
   (You found it in a Gauntlet)

   Any ammunition fired from it inflicts extra damage upon your enemies.
   rElec:     It insulates you from electricity.
 U - the +9 lajatang of Insufficient Pleasure {antimagic, rElec}
   (You found it in an ice cave)

   It reduces the magical energy of the wielder, and disrupts the spells and
   magical abilities of those it strikes.
   Natural abilities and divine invocations are not affected.
   rElec:     It insulates you from electricity.
Missiles
 d - 11 atropa-tipped darts
 T - 2 silver javelins
Armour
 l - a +0 cloak
 s - a scarf of repulsion (worn)
 v - a +0 pair of boots
 F - a +0 pair of gloves (worn)
 Q - the +0 pair of boots "Ymper" (worn) {SInv}
   (You found it in a Gauntlet)

   SInv:      It lets you see invisible.
Magical Staves
 C - a staff of air
Jewellery
 a - an amulet of the acrobat
 b - a ring of fire (right hand)
 e - an amulet of regeneration (around neck)
 f - an amulet of reflection
 u - a ring of magical power
 I - a ring of positive energy (left hand)
 P - the ring of Life {Ice Str+4 Dex+5}
   (You found it in a Gauntlet)

   [ring of ice]

   It enhances your ice magic.
   Str:       It affects your strength (+4).
   Dex:       It affects your dexterity (+5).
   rF:        It makes you vulnerable to fire.
   rC:        It protects you from cold.
 V - a ring of ice
Wands
 o - a wand of digging (2)
 w - a wand of paralysis (22)
 x - a wand of iceblast (33)
 y - a wand of flame (37)
 H - a wand of mindburst (15)
 O - a wand of polymorph (3)
Scrolls
 c - 6 scrolls of enchant armour
 i - 4 scrolls of teleportation
 j - 3 scrolls of noise
 m - 3 scrolls of torment
 q - 7 scrolls of amnesia
 D - a scroll of fog
 G - 2 scrolls of enchant weapon
 K - 3 scrolls of immolation
 L - 2 scrolls of holy word {unknown}
Potions
 g - a potion of cancellation {unknown}
 h - 2 potions of magic {unknown}
 k - 2 potions of brilliance
 n - 6 potions of curing
 p - 2 potions of mutation
 r - a potion of attraction
 t - 2 potions of haste {unknown}
 A - 2 potions of lignification {unknown}
 E - 2 potions of heal wounds
 M - 2 potions of flight {unknown}
 N - a potion of invisibility {unknown}
Miscellaneous
 B - a piece from Xom's chessboard (10/15)
 R - a piece from Xom's chessboard (10/15)
 S - a box of beasts (inert)


   Skills:
 + Level 7.4 Fighting
 + Level 6.4 Dodging
 * Level 10.1 Unarmed Combat
 + Level 6.5 Spellcasting
 * Level 9.8 Transmutations
 * Level 10.4 Ice Magic
 * Level 9.6 Invocations


You had 14 spell levels left.
You knew the following spells:

 Your Spells              Type           Power      Damage    Failure   Level
a - Beastly Appendage     Tmut           82%        N/A       1%          1
b - Wereblood             Tmut           41%        N/A       1%          2
c - Spider Form           Tmut/Pois      23%        N/A       4%          3
d - Ice Form              Ice/Tmut       42%        N/A       1%          4

Your spell library contained the following spells:

 Spells                   Type           Power      Damage    Failure   Level
 Foxfire                  Conj/Fire      32%        2x1d5     12%         1
 Blink                    Tloc           10%        N/A       17%         2
 Static Discharge         Conj/Air       5%         N/A       17%         2
 Sublimation of Blood     Necr           5%         N/A       17%         2
 Conjure Flame            Conj/Fire      8%         6-21      34%         3
 Gell's Gravitas          Tloc           5%         N/A       34%         3
 Inner Flame              Hex/Fire       8%         N/A       34%         3
 Lesser Beckoning         Tloc           5%         N/A       34%         3
 Portal Projectile        Hex/Tloc       10%        N/A       34%         3
 Teleport Other           Tloc           5%         N/A       34%         3
 Flame Wave               Conj/Fire      8%         3d4       75%         4
 Summon Hydra             Summ           2%         N/A       100%        7


Dungeon Overview and Level Annotations

Branches:
Dungeon (12/15)            Temple (1/1) D:4            Lair (2/6) D:11
    Orc (0/2) D:11          IceCv (visited)         Volcano (1/1)
Gauntlet (visited)
  Swamp: Lair:2-4    Shoals: Lair:2-4     Snake: Lair:2-4    Spider: Lair:2-4

Altars:
Ashenzari
Dithmenos
Gozag
Makhleb
Nemelex Xobeh
Okawaru
Qazlal
Trog
Uskayaw
Vehumet
Wu Jian
The Shining One

Shops:
D:4 *   D:6 **

Portals:
Trove: D:10 (give 6 scrolls of blinking)


Innate Abilities, Weirdness & Mutations

You can breathe waves of freezing cold which knock back foes.
Your icy white scales are hard. (AC +8)
You cannot fit into any form of body armour.
Your flesh is cold resistant. (rC+)
You are cold-blooded and may be slowed by cold attacks.


Message History

Okay, then.
Press: ? - help, Shift-Dir - straight line, f - two-headed ogre
Aim: a two-headed ogre, wielding a +1 great mace of flaming and a +0 giant club of flaming (fast)
You exhale a wave of freezing cold.
The freezing breath hits the two-headed ogre!
The two-headed ogre is moderately wounded.
The two-headed ogre is blown backwards by the freezing wind.
The two-headed ogre collides with the two-headed ogre!
The two-headed ogre is moderately wounded.
The freezing breath hits the two-headed ogre!!
The two-headed ogre is severely wounded.
The two-headed ogre is blown backwards by the freezing wind.
Your red devil hits the two-headed ogre from afar with a +0 trident!
The two-headed ogre is skewered by barbed spikes.
The two-headed ogre dies!
Your red devil hits the two-headed ogre with a +0 trident!
The two-headed ogre is skewered by barbed spikes.
Your piece from Xom's chessboard (10/15) has regained one charge.
As you read the scroll of teleportation, it crumbles to dust.
You feel strangely unstable.
The two-headed ogre hits you with a +1 great mace of flaming!
* * * LOW HITPOINT WARNING * * *
The two-headed ogre burns you.
* * * LOW HITPOINT WARNING * * *
The two-headed ogre misses you.
The ogre mage points at the two-headed ogre and mumbles some strange words.
The two-headed ogre seems to speed up.
The two-headed ogre completely misses you.
The two-headed ogre hits you with a +2 great mace of flaming.
* * * LOW HITPOINT WARNING * * *
Your red devil hits the two-headed ogre with a +0 trident!
The two-headed ogre is skewered by barbed spikes.
You feel much better.
The two-headed ogre hits you with a +1 great mace of flaming!!
* * * LOW HITPOINT WARNING * * *
The two-headed ogre burns you.
* * * LOW HITPOINT WARNING * * *
The two-headed ogre closely misses you.
The two-headed ogre hits you with a +0 giant club of flaming!!
You die...

#≈≈.....§≈≈###
##≈8...8§≈≈#
##.....####
#.....#
#8..O8#
#...).#
#..4..#
#8..O8#
#...O@#
#.....#
#8...8#
#.....#
#.....#
#8.∩.8#
##...## ##∩##
###


You could see 2 two-headed ogres, an ogre mage (invisible) and a friendly red
devil (summoned).

Vanquished Creatures
  A minotaur (Gauntlet)
  A green death (Gauntlet)
  2 boulder beetles
  A hydra (Lair:1)
  4 two-headed ogres
  Erica (D:10)
  A death yak (D:11)
  A wizard (Gauntlet)
  A deep elf pyromancer (D:11)
  2 ugly things (IceCv)
  A black mamba (Lair:1)
  3 ice statues
  A gargoyle (D:11)
  2 cane toads
  A queen bee (Gauntlet)
  A hornet (D:8)
  3 trolls
  A shadow (D:5)
  A wraith (D:10)
  3 basilisks
  23 yaks
  Eustachio (D:5)
  2 wyverns
  A death yak simulacrum (IceCv)
  A vampire mosquito (D:7)
  2 steam dragons
  Edmund (D:4)
  Menkaure (D:5)
  3 acid dragons
  3 water moccasins
  8 orc warriors
  A sky beast (D:7)
  An ice beast (D:5)
  6 necrophages
  A hornet zombie (D:9)
  An ogre (D:5)
  4 wolves (Lair:2)
  4 centaurs
  A kobold brigand (D:6)
  6 bullfrogs
  A wyvern zombie (D:7)
  A gnoll sergeant (D:10)
  2 scorpions (D:7)
  A cane toad simulacrum (IceCv)
  A water moccasin zombie (D:7)
  A wyvern skeleton (D:7)
  7 killer bees
  4 wights
  A howler monkey (D:5)
  7 centaur zombies
  3 bullfrog zombies
  3 jellies
  A centaur skeleton (D:6)
  Crazy Yiuf (D:2)
  3 hounds
  8 orc priests
  Ijyb (D:5)
  An iguana (D:4)
  12 orc wizards
  2 mummies (D:9)
  3 howler monkey zombies
  3 gnolls (D:10)
  6 adders
  A shadow imp (Gauntlet)
  16 white imps
  2 worms
  2 dart slugs
  44 orcs
  7 bats
  9 endoplasms
  A giant cockroach (D:4)
  12 goblins
  5 hobgoblins
  10 kobolds
  7 quokkas
  8 ball pythons
  3 frilled lizards
  7 rats
  A butterfly (Lair:2)
311 creatures vanquished.

Vanquished Creatures (collateral kills)
  A two-headed ogre (Volcano)
1 creature vanquished.

Vanquished Creatures (others)
  A ball python (D:3)
  4 fungi (Lair:2)
  5 plants (Lair:2)
10 creatures vanquished.

Grand Total: 322 creatures vanquished

Notes
Turn   | Place    | Note
-------+----------+-------------------------------------------
     0 | D:1      | Anon1729 the Draconian Transmuter began the quest for the
                  | Orb.
     0 | D:1      | Reached XP level 1. HP: 16/16 MP: 3/3
   404 | D:1      | Reached XP level 2. HP: 23/23 MP: 3/5
  1229 | D:2      | Reached XP level 3. HP: 28/28 MP: 4/6
  1508 | D:2      | Learned a level 2 spell: Wereblood
  1847 | D:2      | Found a runed translucent door.
  1848 | D:2      | Noticed Crazy Yiuf
  2096 | D:2      | Learned a level 3 spell: Spider Form
  2105 | D:2      | Killed Crazy Yiuf
  2106 | D:2      | Reached XP level 4. HP: 31/36 MP: 3/7
  2288 | D:2      | Reached XP level 5. HP: 36/41 MP: 6/8
  2762 | D:4      | Found a staircase to the Ecumenical Temple.
  2788 | Temple   | Entered the Ecumenical Temple
  2792 | Temple   | Became a worshipper of Uskayaw the Reveller
  2828 | D:4      | Reached * piety under Uskayaw
  2916 | D:4      | Noticed Edmund
  2939 | D:4      | Killed Edmund
  2940 | D:4      | Reached XP level 6. HP: 50/50 MP: 7/10
  3123 | D:4      | Found Zokkexal's Overcharged Wands.
  3207 | D:4      | Reached ** piety under Uskayaw
  3319 | D:4      | Reached *** piety under Uskayaw
  3421 | D:5      | Entered Level 5 of the Dungeon
  3423 | D:5      | Noticed a shadow
  3604 | D:5      | Noticed an ice beast
  3643 | D:6      | Found Koicedaf's General Store.
  3643 | D:6      | Found Geisuar's Specific Store.
  3767 | D:6      | Reached skill level 5 in Unarmed Combat
  3767 | D:6      | Your scales start taking on an icy white colour.
  3767 | D:6      | Reached XP level 7. HP: 57/57 MP: 11/11
  3767 | D:6      | Gained mutation: Your flesh is cold resistant. (rC+) [White
                  | Draconian growth]
  3772 | D:6      | Learned a level 4 spell: Ice Form
  3800 | D:6      | Noticed a steam dragon
  3810 | D:6      | Reached **** piety under Uskayaw
  3812 | D:6      | Reached ***** piety under Uskayaw
  3813 | D:6      | Killed a steam dragon
  3814 | D:6      | Reached skill level 1 in Ice Magic
  3814 | D:6      | Reached skill level 1 in Invocations
  4210 | D:6      | Found an iron altar of Okawaru.
  4434 | D:5      | Reached XP level 8. HP: 60/64 MP: 13/13
  4450 | D:5      | Noticed Menkaure
  4479 | D:5      | Killed Menkaure
  4480 | D:5      | Reached skill level 5 in Transmutations
  4684 | D:5      | Noticed Eustachio
  4752 | D:5      | Killed Eustachio
  5109 | D:5      | Noticed Ijyb
  5137 | D:5      | Killed Ijyb
  5223 | D:7      | Reached XP level 9. HP: 69/71 MP: 15/15
  5329 | D:7      | Noticed a troll
  5422 | D:7      | Killed a troll
  5423 | D:7      | Reached skill level 5 in Ice Magic
  5504 | D:7      | Found a broken altar of Ashenzari.
  5892 | D:7      | Reached skill level 5 in Invocations
  5942 | D:7      | Found a shadowy altar of Dithmenos.
  6415 | D:8      | Noticed a two-headed ogre
  6439 | D:8      | Killed a two-headed ogre
  6440 | D:8      | Reached skill level 5 in Fighting
  6440 | D:8      | Reached XP level 10. HP: 68/81 MP: 17/17
  6640 | D:8      | Noticed a boulder beetle
  6681 | D:8      | Killed a boulder beetle
  6740 | D:8      | Got the Catalogue of Absolutism
  7318 | D:8      | Identified the +3 leather armour of the Dolphin {Harm
                  | rElec}
  7963 | D:9      | Found Ikhodiuf's Gadget Gallery.
  7984 | D:9      | Reached skill level 5 in Spellcasting
  8143 | D:9      | Reached skill level 5 in Dodging
  8685 | D:10     | Entered Level 10 of the Dungeon
  8813 | D:10     | Reached XP level 11. HP: 89/89 MP: 18/18
  8861 | D:10     | Noticed a two-headed ogre
  8869 | D:10     | Killed a two-headed ogre
  8900 | D:10     | Found a bloodstained altar of Trog.
  8907 | D:10     | Found a portal to a secret trove of treasure.
  9032 | D:10     | Found an opulent altar of Gozag.
  9032 | D:10     | Found a sparkling altar of Nemelex Xobeh.
  9303 | D:10     | Noticed Erica
  9314 | D:10     | Killed Erica
  9521 | D:11     | Found a staircase to the Lair.
  9521 | D:11     | Noticed a death yak
 10008 | D:11     | Killed a death yak
 10178 | D:11     | Noticed a deep elf pyromancer
 10197 | D:11     | Killed a deep elf pyromancer
 10207 | D:11     | Reached ****** piety under Uskayaw
 10325 | D:11     | Found a staircase to the Orcish Mines.
 10440 | Lair:1   | Entered Level 1 of the Lair of Beasts
 10510 | Lair:1   | Found a hide-covered altar of Uskayaw.
 10911 | Lair:1   | Found an ornate altar of the Wu Jian Council.
 10914 | Lair:1   | Noticed a boulder beetle
 10929 | Lair:1   | Killed a boulder beetle
 11268 | Lair:2   | Noticed a four-headed hydra
 11275 | Lair:1   | Killed a four-headed hydra
 11276 | Lair:1   | Reached XP level 12. HP: 40/97 MP: 21/21
 11384 | Lair:2   | Found a gate leading to a gauntlet.
 11394 | Gauntlet | Entered a Gauntlet
 11394 | Gauntlet | Found a transporter.
 11394 | Gauntlet | Found a transporter.
 11399 | Gauntlet | Found a transporter.
 11399 | Gauntlet | Found a transporter.
 11406 | Gauntlet | Noticed a catoblepas
 11413 | Gauntlet | Found a transporter.
 11420 | Gauntlet | Noticed a green death
 11420 | Gauntlet | Noticed a quicksilver ooze
 11423 | Gauntlet | Found a transporter.
 11423 | Gauntlet | Found a transporter.
 11448 | Gauntlet | Found a transporter.
 11489 | Gauntlet | Found a transporter.
 11523 | Gauntlet | Found a transporter.
 11553 | Gauntlet | Identified the +3 hunting sling of Ejelaunn {vorpal, rElec}
 11558 | Gauntlet | Found a transporter.
 11563 | Gauntlet | Noticed a tengu warrior
 11615 | Gauntlet | Identified the ring of Life {Ice Str+4 Dex+5}
 11628 | Gauntlet | Found a transporter.
 11636 | Gauntlet | Found a transporter.
 11666 | Gauntlet | Killed a green death
 11671 | Gauntlet | Identified the +0 pair of boots "Ymper" {SInv}
 11730 | Gauntlet | Identified the +0 crystal plate armour "Denoekh" {rPois rC-
                  | Str+4 Slay+3}
 11730 | Gauntlet | Noticed a minotaur
 11736 | Gauntlet | Killed a minotaur
 11740 | Gauntlet | Identified the +0 robe of Reupody {Dex+5}
 11787 | Lair:2   | Found a frozen archway.
 11788 | Lair:2   | Found a dark tunnel.
 11813 | Lair:2   | Reached skill level 10 in Ice Magic
 11839 | IceCv    | Entered an ice cave
 11840 | IceCv    | Found a transporter.
 11867 | IceCv    | Identified the +9 lajatang of Insufficient Pleasure
                  | {antimagic, rElec}
 11869 | IceCv    | Found a transporter.
 11935 | IceCv    | Reached skill level 10 in Unarmed Combat
 11984 | Volcano  | Entered a volcano
 12003 | Volcano  | Noticed an ogre mage
 12038 | Volcano  | Found a burning altar of Makhleb.
 12039 | Volcano  | Noticed a two-headed ogre
 12040 | Volcano  | Noticed a red draconian
 12040 | Volcano  | Noticed a two-headed ogre
 12040 | Volcano  | Noticed a two-headed ogre
 12063 | Volcano  | Killed a two-headed ogre
 12068 | Volcano  | Killed a two-headed ogre
 12117 | Volcano  | Noticed a two-headed ogre
 12118 | Volcano  | Noticed a two-headed ogre
 12118 | Volcano  | Noticed a two-headed ogre
 12139 | Volcano  | Killed a two-headed ogre
 12141 | Volcano  | Demolished by a two-headed ogre

Illustrated notes

Levels and vault maps discovered:
D:1:      lightli_arrival_isolated_outpost, layout_loops_ring,
          shapermc_ecumenical_altar_petra
D:2:      layout_loops_cross, minmay_goblin_outpost, uniq_crazy_yiuf_cottage
D:3:      layout_rooms, kennysheep_decorative_pillar
D:4:      layout_basic, minmay_temple_entry_arrows,
          nicolae_shop_overcharged_wands, uniq_edmund
D:5:      layout_basic, uniq_ijyb, uniq_eustachio, uniq_menkaure
D:6:      layout_basic, mainiacjoe_overflow_catwalk, nicolae_specific_store
D:7:      nzn_winding_woodlands_three_and_one
          [nzn_winding_woodlands_5x15_pockets,
          nzn_winding_woodlands_5x15_longhouse, nzn_winding_woodlands_5x15_pool,
          nzn_winding_woodlands_center_triple_pond], layout_loops_ring,
          nicolae_dithmenos_through_a_glass_darkly, mainiacjoe_overflow_brackets
D:8:      layout_layer_cave
D:9:      layout_gridville, serial_undead, serial_undead_d, serial_undead_d,
          serial_undead_d, serial_undead_f, serial_undead_b, serial_undead_b,
          nicolae_shop_gadgets
D:10:     layout_gridville, lemuel_doored_altar, grunt_temple_overflow_opulence,
          nicolae_trove_entry_crossroad, minivault_16, hangedman_glass_teeth,
          nicolae_water_bricks, uniq_erica
D:11:     layout_long_grid, david_lair_generic, david_orc_4,
          amcnicky_mini_rare_corridor_liquid, amcnicky_mini_corridor_feature,
          lemuel_old_faithful
D:12:     layout_roguey, hangedman_decor_slide_cut, amethyst_killhole,
          uniq_erolcha
Temple:   compressed_dpeg_circular_temple
Lair:1:   layout_loops_ring, nzn_masters_of_martial_movement,
          lemuel_fruit_fields, lemuel_fruit_tree
Lair:2:   layout_regular_city, enter_volcano_1, portal_ice_cave_entry_imps,
          gauntlet_entry_generic, st_stairs_6, lemuel_fruit_fields
Volcano:  kennysheep_volcano_temple

Skill      XL: |  1  2  3  4  5  6  7  8  9 10 11 12 |
---------------+-------------------------------------+-----
Dodging        | 2 3 4 5 6 |  6.4
Fighting       | 2 3 4 5 6 7 |  7.4
Unarmed Combat | 4 5 6 7 8 9 10 | 10.1
Transmutations | 3 4 5 6 7 9 |  9.8
Spellcasting   | 3 4 5 6 |  6.5
Ice Magic      | 2 4 6 7 9 10 | 10.4
Invocations    | 2 4 5 7 8 9 |  9.6

Action                   |  1- 3 |  4- 6 |  7- 9 | 10-12 || total
-------------------------+-------+-------+-------+-------++-------
Melee: Unarmed           |   136 |   196 |   411 |   522 ||  1265
       Tailslap          |    11 |    14 |    38 |     9 ||    72
       Kick              |    10 |    36 |    42 |     3 ||    91
       Headbutt          |     9 |    15 |    27 |     2 ||    53
       Punch             |       |     7 |     6 |     2 ||    15
 Cast: Beastly Appendage |    26 |    25 |    12 |     1 ||    64
       Spider Form       |     1 |     1 |     1 |     5 ||     8
       Wereblood         |       |     1 |     1 |     5 ||     7
       Ice Form          |       |       |     9 |    47 ||    56
Invok: Stomp             |       |       |     2 |     1 ||     3
       Line Pass         |       |       |     1 |       ||     1
 Abil: Breathe Frost     |       |       |     5 |     4 ||     9
       End Transformatio |       |       |       |     5 ||     5
Evoke: Wand              |       |       |     6 |       ||     6
       Piece from Xom's  |       |       |       |     7 ||     7
       Box of beasts     |       |       |       |     1 ||     1
  Use: Scroll            |       |     6 |     2 |    14 ||    22
       Potion            |       |       |       |     3 ||     3
 Stab: Sleeping          |     1 |     1 |       |       ||     2
       Paralysed         |       |       |    27 |    39 ||    66
Armor: Skin              |    43 |    70 |   133 |   196 ||   442
Dodge: Dodged            |    94 |   126 |   257 |   306 ||   783
       Repelled          |       |     1 |     2 |     1 ||     4
Block: Other             |     1 |       |       |       ||     1
       Reflection        |     1 |       |       |       ||     1

Table legend: (Time is in decaauts)
 A = Elapsed time spent in this place.
 B = Non-inter-level travel time spent in this place.
 C = Inter-level travel time spent in this place.
 D = Time resting spent in this place.
 E = Time spent auto-exploring this place.
 F = Levels seen in this place.
 G = Mean time per level.
                   A        B        C        D        E       F      G
               +--------+--------+--------+--------+--------+-----+--------+
         Total |  12039 |  11632 |    407 |    340 |   8033 |  18 |  668.8 |
       Dungeon |  10347 |   9982 |    365 |    293 |   7321 |  12 |  862.2 |
        Temple |      8 |      8 |      0 |      0 |      0 |   1 |    8.0 |
          Lair |   1025 |    984 |     41 |      5 |    712 |   2 |  512.5 |
      Ice Cave |    124 |    124 |      0 |      0 |      0 |   1 |  124.0 |
       Volcano |    153 |    153 |      0 |     33 |      0 |   1 |  153.0 |
      Gauntlet |    378 |    378 |      0 |      9 |      0 |   1 |  378.0 |
               +--------+--------+--------+--------+--------+-----+--------+

Top non-repeatable levels by time:
     D:8: 1363 daAuts
     D:7: 1182 daAuts
     D:1: 1174 daAuts
     D:2: 1075 daAuts
     D:9: 950 daAuts
     D:5: 923 daAuts
  Lair:1: 877 daAuts
    D:11: 874 daAuts
     D:6: 784 daAuts
    D:10: 770 daAuts
     D:4: 714 daAuts
     D:3: 441 daAuts
Gauntlet: 378 daAuts
 Volcano: 153 daAuts
  Lair:2: 147 daAuts
